 Dungeon Crawl Stone Soup version 0.22.1-5-g62c59d9 (webtiles) character file.

45 Digitron the Grave Robber (level 3, -3/35 HPs)
             Began as an Ogre Necromancer on Jan 13, 2019.
             Slain by a gnoll
             ... wielding a +0 club
              (9 damage)
             ... on level 2 of the Dungeon.
             The game lasted 00:04:15 (1684 turns).

Digitron the Grave Robber (Ogre Necromancer)        Turns: 1684, Time: 00:04:16

Health: -3/35      AC:  3    Str: 12    XL:     3   Next: 64%
Magic:  1/7        EV: 10    Int: 17    God:
Gold:   73         SH:  0    Dex:  9    Spells: 7/8 levels left

rFire    . . .     SeeInvis .   h - +0 whip
rCold    . . .     Gourm    .   (no shield)
rNeg     . . .     Faith    .   a - +0 robe
rPois    .         Spirit   .   (helmet restricted)
rElec    .         Reflect  .   (no cloak)
rCorr    .         Harm     .   (gloves unavailable)
MR       .....                  (boots unavailable)
Stlth    +.........             (no amulet)
HPRegen  0.11/turn              (no ring)
MPRegen  0.10/turn              (no ring)

@: no status effects
A: large, unfitting armour, tough skin 1
a: no special abilities


You were on level 2 of the Dungeon.
You were not hungry.

You visited 1 branch of the dungeon, and saw 2 of its levels.

You collected 73 gold pieces.

Inventory:

Hand Weapons
 h - a +0 whip (weapon)
Missiles
 b - 3 tomahawks (quivered)
Armour
 a - a +0 robe (worn)
Scrolls
 d - 3 scrolls of random uselessness {unknown}
 e - a scroll of blinking {unknown}
 f - a scroll of remove curse {unknown}
Potions
 g - a potion of degeneration {unknown}
Comestibles
 c - 6 rations


   Skills:
 + Level 1.7 Fighting
 + Level 0.5 Maces & Flails
 - Level 1.7 Dodging
 - Level 1.4 Stealth
 + Level 3.0 Spellcasting
 * Level 4.2 Necromancy


You had 7 spell levels left.
You knew the following spells:

 Your Spells              Type           Power        Failure   Level  Hunger
a - Pain                  Necr           ###.         3%          1    None

Your spell library contained the following spells:

 Spells                   Type           Power        Failure   Level  Hunger
 Animate Skeleton         Necr           N/A          3%          1    None
 Vampiric Draining        Necr           ###.......   10%         3    ###....
 Regeneration             Chrm/Necr      #.........   22%         3    ###....
 Animate Dead             Necr           N/A          30%         4    ####...


Dungeon Overview and Level Annotations

Branches:
Dungeon (2/15)

Altars:


Innate Abilities, Weirdness & Mutations

You are too large for most types of armour.
You have tough skin. (AC +1)


Message History

Aiming: Pain (safe; 3% risk of failure)
Press: ? - help, Shift-Dir - straight line, f/p - adder
Aim: an adder (severely wounded, chance to defeat MR: 81%)
The adder writhes in agony!
You kill the adder!
Your Spellcasting skill increases to level 3!
The kobold hits you but does no damage.
Casting: Pain (safe; 3% risk of failure)
Confirm with . or Enter, or press ? or * to list all spells.
Aiming: Pain (safe; 3% risk of failure)
Press: ? - help, Shift-Dir - straight line, f - gnoll
Aim: a gnoll, wielding a club (lightly wounded, chance to defeat MR: 81%)
Okay, then.
You barely miss the kobold. The kobold misses you.
The gnoll hits you with a club!
* * * LOW HITPOINT WARNING * * *
You hit the kobold.
You kill the kobold!
The gnoll hits you with a club!
You die...

## #........#.# ..#
#........#.####
##..##########S....#....##+#
.............g..gg.>.......
#.###...#g#########g......
##..##...#g# ##......
#........#g# ###....
#........#g# .g..
#........#@# ...
###.##...#)# g.. ##..#####.#
.. #.......#.# .[
#.......#.# #####
#.......#.# #...#
#.......#.# #...###.#
#.......#.# #...'...#
#.......#.# #...#


You could see 4 gnolls.

Vanquished Creatures
  2 adders (D:2)
  A worm (D:2)
  2 leopard geckos
  A ball python (D:2)
  2 giant cockroaches
  2 goblins (D:1)
  4 hobgoblins
  2 bats (D:1)
  A frilled lizard (D:2)
  3 kobolds
  3 rats (D:1)
23 creatures vanquished.

Notes
Turn   | Place    | Note
-------+----------+-------------------------------------------
     0 | D:1      | Digitron the Ogre Necromancer began the quest for the Orb.
     0 | D:1      | Reached XP level 1. HP: 16/16 MP: 3/3
   508 | D:1      | Reached XP level 2. HP: 26/26 MP: 3/5
   550 | D:1      | Reached skill level 1 in Fighting
  1039 | D:2      | Reached skill level 4 in Necromancy
  1241 | D:2      | Reached XP level 3. HP: 21/33 MP: 0/7
  1684 | D:2      | Slain by a gnoll

Skill      XL: |  1  2  3 |
---------------+----------+-----
Fighting       | 1 |  1.7
Necromancy     | 4 |  4.2
Spellcasting   | 3 |  3.0
Maces & Flails | |  0.5
Dodging        | |  1.7
Stealth        | |  1.4

Action                   || total
-------------------------++-------
Melee: Unarmed           ||     4
       Whip              ||    35
Throw: Tomahawk          ||     3
 Cast: Pain              ||    51
  Eat: Chunk             ||     3
Armor: Robe              ||    26
Dodge: Dodged            ||    30
